 Dungeon Crawl Stone Soup version 0.28.0-1-gb440e238dd (webtiles) character file.

Game seed: 18318068256762242612

727 pkoi the Changer (level 7, -11/50 HPs)
             Began as a Black Draconian Earth Elementalist on Feb 22, 2022.
             Killed by nerve-wracking pain
             ... invoked by an orc priest
              (14 damage)
             ... on level 5 of the Dungeon.
             The game lasted 00:09:18 (6348 turns).

pkoi the Changer (DrEE)                             Turns: 6348, Time: 00:09:19

Health: -11/50     AC:  8    Str: 11    XL:     7   Next: 44%
Magic:  8/10       EV: 27    Int: 17    God:
Gold:   73         SH:  0    Dex: 14    Spells: 7/10 levels left

rFire   . . .      SeeInvis .   f - +6 short sword "Igurah" {freeze, Dex+3}
rCold   . . .      Faith    .   (no shield)
rNeg    . . .      Spirit   .   (armour unavailable)
rPois   .          Reflect  .   (helmet restricted)
rElec   +          Harm     .   e - scarf {shadows}
rCorr   .          Rampage  .   k - +1 pair of gloves
Will    .....                   (no boots)
Stlth   ++........              p - amulet of the acrobat
HPRegen 0.16/turn               (no ring)
MPRegen 0.12/turn               (no ring)

@: acrobatic
A: breathe lightning, AC +6, unfitting armour, electricity resistance,
cold-blooded
a: Breathe Lightning


You were on level 5 of the Dungeon.
You visited 1 branch of the dungeon, and saw 5 of its levels.

You collected 73 gold pieces.

Inventory:

Hand Weapons
 d - a +0 short sword
 f - the +6 short sword "Igurah" (weapon) {freeze, Dex+3}
   (You found it on level 5 of the Dungeon)

   It freezes those it strikes, dealing additional cold damage.
   It can also slow down cold-blooded creatures.
   Dex:       It affects your dexterity (+3).
 q - a +2 dagger of speed
Missiles
 b - 45 stones
 o - 5 curare-tipped darts
Armour
 e - a scarf of shadows (worn)
 k - a +1 pair of gloves (worn)
Magical Staves
 c - a staff of fire
Jewellery
 p - an amulet of the acrobat (around neck)
Scrolls
 g - a scroll of summoning {unknown}
Potions
 h - 2 potions of heal wounds {unknown}
 j - a potion of brilliance
 m - a potion of might


   Skills:
 - Level 1.7 Dodging
 - Level 1.7 Stealth
 + Level 4.0 Unarmed Combat
 - Level 2.0 Spellcasting
 + Level 5.0 Transmutations
 + Level 4.8 Earth Magic


You had 7 spell levels left.
You knew the following spells:

 Your Spells              Type           Power      Damage    Failure   Level
a - Sandblast             Erth           36%        2d10      2%          1
b - Passwall              Tmut/Erth      15%        N/A       3%          2

Your spell library contained the following spells:

 Spells                   Type           Power      Damage    Failure   Level
 Foxfire                  Conj/Fire      4%         2x1d4     19%         1
 Stone Arrow              Conj/Erth      18%        3d8       22%         3
 Petrify                  Tmut/Erth      18%        N/A       26%         4
 Conjure Flame            Conj/Fire      1%         6-21      50%         3
 Inner Flame              Hex/Fire       1%         N/A       50%         3
 Tukima's Dance           Hex            1%         N/A       50%         3
 Anguish                  Hex/Necr       0%         N/A       88%         4
 Flame Wave               Conj/Fire      1%         2d4       88%         4
 Statue Form              Tmut/Erth      12%        N/A       98%         6
 Metabolic Englaciation   Hex/Ice        0%         N/A       99%         5
 Enfeeble                 Hex            0%         N/A       100%        7


Dungeon Overview and Level Annotations

Branches:
Dungeon (5/15)
 Temple: D:4-7

Altars:
Vehumet

Annotations:
D:2 Natasha
D:3 1 runed translucent door, Crazy Yiuf, Terence
D:4 1 runed translucent door, Bediveer's ghost, amateur HOMo


Innate Abilities, Weirdness & Mutations

You can breathe wild blasts of lightning.
Your glossy black scales are hard. (AC +6)
You cannot fit into any form of body armour.
You are resistant to electric shocks. (rElec)
You are cold-blooded and may be slowed by cold attacks.


Message History

Your tail-slap misses the iguana.
The iguana is moderately wounded.
The iguana misses you.
The orc priest invokes the aid of Beogh against you.
Beogh smites you!
* * * LOW HITPOINT WARNING * * *
The orc priest misses you.
Aiming: Sandblast (safe; 2% risk of failure)
Press: ? - help, Q - select action, (/) - cycle Shift-Dir - straight line, f - orc priest
Aim: an orc priest, wielding a +0 club and wearing a +0 leather armour (79% to hit)
The blast of sand hits the orc priest.
The orc priest is moderately wounded.
The orc completely misses you. The orc priest barely misses you.
Unknown command.
Aiming: Sandblast (safe; 2% risk of failure)
Press: ? - help, Q - select action, (/) - cycle Shift-Dir - straight line, f/p - orc priest
Aim: an orc priest, wielding a +0 club and wearing a +0 leather armour (moderately wounded, 79% to hit)
The blast of sand hits the orc priest.
The orc priest is heavily wounded.
The orc hits you but does no damage.
The orc priest hits you but does no damage.
Aiming: Sandblast (safe; 2% risk of failure)
Press: ? - help, Q - select action, (/) - cycle Shift-Dir - straight line, f/p - orc priest
Aim: an orc priest, wielding a +0 club and wearing a +0 leather armour (heavily wounded, 79% to hit)
The blast of sand hits the orc priest but does no damage.
The orc priest is heavily wounded.
The orc closely misses you. The orc priest hits you with a +0 club.
* * * LOW HITPOINT WARNING * * *
The orc priest mumbles some strange prayers to Beogh against you.
Beogh smites you!
* * * LOW HITPOINT WARNING * * *
The orc closely misses you.
As you read the scroll of fog, it crumbles to dust.
The scroll dissolves into smoke.
The iguana is no longer moving slowly.
Found a scroll of teleportation.
The orc hits you with a +0 morningstar.
* * * LOW HITPOINT WARNING * * *
The orc priest mumbles some strange prayers to Beogh against you.
Pain shoots through your body!
You die...

,,,,,,,***,* ***,****
#.* #.* #?* #.# #.* #.#
#.####### ###.#
#.#.....#
....######§#.###.#
.....§§§§§§§.o...######
...o§§§§§§§#l.o.@.....#
###.#################.#
###.######***** *,*
..........,,,,* *,*
..#.######***,* *,*
..#.# *,* *,* ..#.# *,*
*,* ..#.# *,* *,* ..#.#
*,* *,*


You could see an iguana, an orc priest and an orc.

Vanquished Creatures
  Sigmund (D:4)
  A necrophage (D:5)
  An ogre (D:4)
  A phantom (D:5)
  A centaur zombie (D:5)
  2 hounds (D:4)
  A bullfrog skeleton (D:5)
  An iguana (D:4)
  An orc wizard (D:3)
  A hound skeleton (D:4)
  4 adders
  A shadow imp (D:5)
  An ufetubus (D:5)
  A worm (D:2)
  3 dart slugs
  8 orcs
  8 ball pythons
  8 endoplasms
  7 giant cockroaches
  4 goblins
  4 hobgoblins
  2 jackals (D:4)
  2 quokkas
  8 bats
  2 frilled lizards (D:1)
  6 kobolds
  6 rats
86 creatures vanquished.

Notes
Turn   | Place    | Note
-------+----------+-------------------------------------------
     0 | D:1      | pkoi the Draconian Earth Elementalist began the quest for
                  | the Orb.
     0 | D:1      | Reached XP level 1. HP: 14/14 MP: 3/3
   331 | D:1      | Reached XP level 2. HP: 20/20 MP: 1/5
   636 | D:1      | Reached skill level 2 in Transmutations
   864 | D:1      | Reached XP level 3. HP: 26/26 MP: 6/6
  1570 | D:2      | Found a faded altar of an unknown god.
  2053 | D:2      | Identified the +0 quarterstaff of Yesterday {pain, Fragile
                  | MP+9 Dex+5}
  2149 | D:2      | You fall into a shaft and drop 1 floor!
  2154 | D:3      | Reached XP level 4. HP: 28/33 MP: 4/7
  2244 | D:2      | Noticed Natasha
  3028 | D:3      | Learned a level 2 spell: Passwall
  3425 | D:3      | Found a radiant altar of Vehumet.
  3503 | D:3      | Reached skill level 1 in Unarmed Combat
  3503 | D:3      | Reached skill level 3 in Transmutations
  3576 | D:3      | Found a runed translucent door.
  3577 | D:3      | Noticed Crazy Yiuf
  3908 | D:3      | Noticed Terence
  4186 | D:4      | Reached XP level 5. HP: 38/38 MP: 6/8
  4667 | D:4      | Found a runed translucent door.
  5188 | D:4      | Noticed Sigmund
  5195 | D:4      | Killed Sigmund
  5196 | D:4      | Reached skill level 4 in Transmutations
  5196 | D:4      | Reached skill level 5 in Earth Magic
  5196 | D:4      | Reached XP level 6. HP: 37/45 MP: 1/9
  5782 | D:4      | Noticed Bediveer's ghost (amateur HOMo)
  5808 | D:5      | Entered Level 5 of the Dungeon
  5820 | D:5      | Your scales start taking on a glossy black colour.
  5820 | D:5      | Reached XP level 7. HP: 46/50 MP: 1/10
  5820 | D:5      | Gained mutation: You are resistant to electric shocks.
                  | (rElec) [Black Draconian growth]
  6132 | D:5      | Identified the +6 short sword "Igurah" {freeze, Dex+3}
  6242 | D:5      | Reached skill level 5 in Transmutations
  6348 | D:5      | Killed from afar by an orc priest

Illustrated notes

Levels and vault maps discovered:
D:1:      dpeg_arrival_court, layout_loops_ring
D:2:      layout_basic, hellmonk_ecumenical_altar_lost_god, uniq_natasha
D:3:      layout_basic, nicolae_vehumet_radiance, nrook_loot_triangle,
          uniq_crazy_yiuf_cottage, uniq_terence
D:4:      layout_gridville, ebering_ghost_reflecting_pool, uniq_sigmund
D:5:      layout_basic, overflow_temple_1_default, st_stairs_3,
          dk_noncrumbling_4, uniq_menkaure

Skill      XL: |  1  2  3  4  5  6  7 |
---------------+----------------------+-----
Transmutations | 2 3 4 5 |  5.0
Earth Magic    | 4 5 4 |  4.8
Unarmed Combat | 1 2 3 4 |  4.0
Dodging        | |  1.7
Stealth        | |  1.7
Spellcasting   | |  2.0

Action                   |  1- 3 |  4- 6 |  7- 9 || total
-------------------------+-------+-------+-------++-------
Melee: Unarmed           |     5 |       |       ||     5
       Short sword       |    65 |    52 |    22 ||   139
       Tailslap          |     9 |    15 |     5 ||    29
       Dagger            |       |    60 |    11 ||    71
       Punch             |       |     1 |       ||     1
 Cast: Sandblast         |    33 |    52 |     3 ||    88
  Use: Scroll            |       |       |    12 ||    12
 Stab: Sleeping          |     4 |     2 |       ||     6
       Distracted        |       |     1 |       ||     1
Armor: Skin              |    31 |    49 |    20 ||   100
Dodge: Dodged            |    50 |    79 |    33 ||   162
